 Dungeon Crawl Stone Soup version 0.18.1-50-g88ac8fd (webtiles) character file.

2545 saintsgambit the Nimble (level 9, -3/79 HPs)
             Began as a Minotaur Gladiator on Sept 24, 2016.
             Was a Believer of the Shining One.
             Slain by a kobold
             ... wielding a cursed +0 short sword
              (5 damage)
             ... on level 8 of the Dungeon.
             The game lasted 00:13:46 (6850 turns).

saintsgambit the Nimble (Minotaur Gladiator)        Turns: 6850, Time: 00:13:48

Health: -3/79      AC:  5    Str: 20    XL:     9   Next: 30%
Magic:  7/8        EV: 17    Int:  5    God:    the Shining One [**....]
Gold:   401        SH:  8    Dex: 14    Spells: 0 memorised, 8 levels left

rFire  . . .     SeeInvis .     a - +0 quarterstaff
rCold  . . .     Gourm    .     b - +0 leather armour
rNeg   + . .     Faith    .     (shield currently unavailable)
rPois  .         Spirit   .     G - +2 hat
rElec  .         Dismiss  .     (no cloak)
rCorr  .         Reflect  .     (no gloves)
SustAt .         Harm     .     (no boots)
MR     .....                    (no amulet)
Stlth  +.........               (no ring)
                                (no ring)

@: divine shield, glowing, not resistant to hostile enchantments, very
unstealthy
A: retaliatory headbutt, horns 2
a: Divine Shield, Renounce Religion


You were on level 8 of the Dungeon.
You worshipped the Shining One.
The Shining One was pleased with you.
You were very hungry.

You visited 1 branch of the dungeon, and saw 8 of its levels.

You collected 401 gold pieces.

Inventory:

Hand Weapons
 a - a +0 quarterstaff (weapon)
Missiles
 d - 2 throwing nets (quivered)
 n - 7 tomahawks
Armour
 b - a +0 leather armour (worn)
 c - a +0 hat
 G - a +2 hat (worn)
Wands
 u - a wand of iceblast (7/15)
 E - a wand of paralysis (9/24)
Scrolls
 e - 2 scrolls of random uselessness {unknown}
 g - 4 scrolls of remove curse {unknown}
 k - 4 scrolls of identify
 r - 6 scrolls of recharging {unknown}
 y - a scroll of teleportation {unknown}
 A - 2 scrolls of enchant weapon {unknown}
 C - a scroll of fog {unknown}
 D - a scroll of blinking {unknown}
Potions
 f - a potion of ambrosia {unknown}
 i - 2 potions of cure mutation
 j - a potion of might {unknown}
 l - a potion of lignification {unknown}
 m - a potion of invisibility {unknown}
 o - a potion of flight {unknown}
 p - a potion of magic {unknown}
 q - a potion of curing
 s - a potion of haste {unknown}
 t - 2 potions of heal wounds {unknown}
 v - a potion of cancellation {unknown}
 w - a potion of mutation {unknown}
 z - a potion of agility {unknown}
 F - a potion of brilliance {unknown}
Comestibles
 h - 2 meat rations
 x - a bread ration
 B - a beef jerky


   Skills:
 + Level 7.6 Fighting
 + Level 8.3 Staves
 + Level 2.5 Throwing
 + Level 4.7 Armour
 + Level 9.0 Dodging
 + Level 2.0 Stealth
 + Level 0.4 Invocations


You had 8 spell levels left.
You didn't know any spells.

Dungeon Overview and Level Annotations

Branches:
Dungeon (8/15)             Temple (0/1) D:4
   Lair: D:8-11

Altars:
Fedhas
Kikubaaqudgha
Makhleb
Nemelex Xobeh
Qazlal
Trog
Vehumet
The Shining One

Shops:
D:8 *%:

Annotations:
D:8 Gastronok


Innate Abilities, Weirdness & Mutations

You reflexively headbutt those who attack you in melee.
You have a pair of horns on your head.


Message History

Your Dodging skill increases to level 9!
The kobold hits you but does no damage.
You sock the kobold!
You kill the kobold!
The kobold misses you.
Drink which item? (? for menu, Esc to quit)
You feel better. The kobold closely misses you.
You hit the iguana.
The iguana is lightly wounded.
The iguana barely misses you. The kobold closely misses you.
You hit the big kobold but do no damage.
The iguana bites you!
* * * LOW HITPOINT WARNING * * *
The orc wizard gestures wildly while chanting.
The orc wizard flickers and vanishes!
Deactivating autopickup; reactivate with Ctrl-A.
You hit the big kobold. Your headbutt misses the big kobold.
The big kobold is moderately wounded.
The kobold hits you with a short sword.
You die...

#. ..... ###.
...... ..%...
..∩..∩
......# ....
......# #...
....##..#
#.l...#
#.#@K# #.
###.#K##
#.##...(K# .
# #.#...w###
..#<##.#.#o##
.......[o{#
#.##.##o##
<.#...o...#
......o.###


You could see Gastronok, a big kobold, an iguana, an orc wizard, 2 orcs and 2
kobolds.

Vanquished Creatures
  A centaur zombie (D:7)
  An orc warrior (D:6)
  A phantom (D:6)
  An ice beast (D:6)
  A black bear (D:6)
  2 ogres
  6 centaurs
  2 giant frogs
  A scorpion (D:4)
  2 howler monkeys
  2 crimson imps (D:6)
  A giant frog zombie (D:5)
  A quasit (D:4)
  2 hounds (D:7)
  A jelly (D:7)
  A gnoll shaman (D:3)
  6 orc priests
  A centaur skeleton (D:5)
  6 orc wizards
  5 worker ants
  A hound skeleton (D:5)
  A worker ant zombie (D:7)
  3 gnolls (D:5)
  6 adders
  2 worms
  4 giant geckos
  22 orcs
  6 bats
  6 giant cockroaches
  7 goblins
  10 hobgoblins
  21 jackals
  2 quokkas
  3 ball pythons
  6 giant newts
  A jackal zombie (D:6)
  12 kobolds
  A quokka skeleton (D:4)
  12 rats
170 creatures vanquished.

Notes
Turn   | Place    | Note
--------------------------------------------------------------
     0 | D:1      | saintsgambit the Minotaur Gladiator began the quest for the Orb.
     0 | D:1      | Reached XP level 1. HP: 18/18 MP: 0/0
    97 | D:1      | Reached XP level 2. HP: 25/25 MP: 1/1
   811 | D:2      | Reached XP level 3. HP: 23/30 MP: 2/2
   826 | D:2      | Found an ancient bone altar of Kikubaaqudgha.
  1220 | D:2      | Found a glowing golden altar of the Shining One.
  1230 | D:2      | Became a worshipper of the Shining One
  1242 | D:2      | Reached skill level 1 in Armour
  1329 | D:2      | Reached XP level 4. HP: 38/38 MP: 3/3
  1572 | D:2      | Reached skill level 4 in Dodging
  2066 | D:3      | Reached XP level 5. HP: 46/46 MP: 4/4
  2419 | D:3      | Found a bloodstained altar of Trog.
  2607 | D:3      | Found a blossoming altar of Fedhas.
  2916 | D:3      | Reached skill level 5 in Dodging
  3143 | D:4      | Reached * piety under the Shining One
  3197 | D:4      | Noticed an ogre
  3202 | D:4      | Killed an ogre
  3202 | D:4      | Reached XP level 6. HP: 45/53 MP: 5/5
  3205 | D:4      | Reached skill level 5 in Staves
  3214 | D:4      | Reached skill level 5 in Fighting
  3246 | D:4      | Found a staircase to the Ecumenical Temple.
  3341 | D:4      | Reached skill level 1 in Stealth
  3367 | D:4      | Reached XP level 7. HP: 48/61 MP: 6/6
  3434 | D:4      | Found a radiant altar of Vehumet.
  3496 | D:4      | Found a stormy altar of Qazlal.
  3597 | D:5      | Entered Level 5 of the Dungeon
  3728 | D:5      | Found a burning altar of Makhleb.
  3806 | D:5      | Reached ** piety under the Shining One
  3810 | D:5      | Reached skill level 6 in Dodging
  4162 | D:5      | Reached skill level 7 in Dodging
  4162 | D:5      | Reached XP level 8. HP: 28/70 MP: 7/7
  5453 | D:6      | Reached skill level 8 in Dodging
  6082 | D:7      | Reached XP level 9. HP: 58/79 MP: 8/8
  6279 | D:7      | Found a sparkling altar of Nemelex Xobeh.
  6827 | D:8      | Found Liwifoos's General Store.
  6832 | D:8      | Noticed Gastronok
  6840 | D:8      | The Shining One protects you from harm!
  6841 | D:8      | Found Meiriwif's Food Shoppe.
  6843 | D:8      | Found Qaiteefu's Book Shop.
  6845 | D:8      | Reached skill level 9 in Dodging
  6849 | D:8      | HP: 2/79 [iguana (12)]
  6850 | D:8      | Slain by a kobold

Skill      XL: |  1  2  3  4  5  6  7  8  9 |
---------------+----------------------------+-----
Staves         | 4 5 8 |  8.3
Fighting       | 3 4 5 7 |  7.6
Armour         | 1 2 3 4 |  4.7
Dodging        | 4 5 7 8 9 |  9.0
Stealth        | 1 2 |  2.0
Throwing       | |  2.5
Invocations    | |  0.4

Action                   |  1- 3 |  4- 6 |  7- 9 || total
-------------------------+-------+-------+-------++-------
Melee: Quarterstaff      |    86 |   100 |   209 ||   395
       Headbutt          |     6 |    14 |    40 ||    60
Throw: Throwing net      |       |     1 |       ||     1
Invok: Divine Shield     |       |       |     3 ||     3
  Use: Scroll            |       |       |     2 ||     2
       Potion            |       |       |     1 ||     1
 Stab: Sleeping          |       |       |     1 ||     1
  Eat: Bread ration      |       |     2 |     1 ||     3
       Fruit             |       |     2 |       ||     2
       Chunk             |       |       |     3 ||     3
Armor: Leather armour    |    19 |    31 |    31 ||    81
Dodge: Dodged            |    50 |    89 |   197 ||   336
Block: Other             |       |       |    10 ||    10
